 Dungeon Crawl Stone Soup version 0.20.1-1-g8b1a95d (webtiles) character file.

189 Gargoyl the Skirmisher (level 6, -11/48 HPs)
             Began as a Formicid Abyssal Knight on Oct 26, 2017.
             Was a Believer of Lugonu.
             Mangled by an orc warrior
             ... wielding a +0 hand axe
              (12 damage)
             ... on level 3 of the Dungeon.
             The game lasted 00:08:04 (2461 turns).

Gargoyl the Skirmisher (Formicid Abyssal Knight)    Turns: 2461, Time: 00:08:05

Health: -11/48     AC: 13    Str: 18    XL:     6   Next: 0%
Magic:  8/8        EV:  7    Int: 16    God:    Lugonu [**....]
Gold:   140        SH:  0    Dex: 11    Spells: 5/5 levels left

rFire    . . .     SeeInvis +   a - +3 falchion
rCold    . . .     Gourm    .   (no shield)
rNeg     . . .     Faith    .   i - +0 chain mail
rPois    .         Spirit   .   (helmet unavailable)
rElec    .         Reflect  .   d - +1 cloak
rCorr    .         Harm     .   (no gloves)
MR       .....                  (no boots)
Stlth    ..........             (no amulet)
Regen    0.2/turn               b - +2 ring of protection
MPRegen  0.2/turn               (no ring)

@: brilliant, very slightly contaminated, invisible
A: permanent stasis, dig shafts and tunnels, four strong arms, antennae 3
a: Dig, Shaft Self, Depart the Abyss, Bend Space, Renounce Religion


You were on level 3 of the Dungeon.
You worshipped Lugonu.
Lugonu was pleased with you.
You were hungry.

You visited 1 branch of the dungeon, and saw 3 of its levels.
You visited the Abyss 1 time.

You collected 140 gold pieces.

Inventory:

Hand Weapons
 a - a +3 falchion (weapon)
Armour
 d - a +1 cloak (worn)
 i - a +0 chain mail (worn)
Jewellery
 b - a +2 ring of protection (left hand)
Scrolls
 e - 4 scrolls of identify
 l - 2 scrolls of magic mapping
 p - a scroll of enchant armour
 s - a scroll of enchant weapon
 u - 2 scrolls of remove curse
Comestibles
 c - 4 bread rations
 f - 2 meat rations
 k - 7 fruits
 n - 2 royal jellies


   Skills:
 + Level 4.2 Fighting
 + Level 3.7 Long Blades
 * Level 3.5 Armour
 + Level 1.1 Dodging
 * Level 3.2 Invocations


You had 5 spell levels left.
You didn't know any spells.

Dungeon Overview and Level Annotations

Branches:
Dungeon (3/15)

Altars:
Sif Muna


Innate Abilities, Weirdness & Mutations

You cannot be hasted, slowed, berserked, paralysed or teleported.
You can dig through walls and to a lower floor.
Your four strong arms can wield two-handed weapons with a shield.
You have a pair of large antennae on your head. (SInv)


Message History

* * * LOW HITPOINT WARNING * * *
You hit the orc warrior but do no damage.
The orc warrior is lightly wounded.
The orc warrior hits you but does no damage.
You hit the orc warrior but do no damage.
The orc warrior is lightly wounded.
The orc warrior barely misses you.
It was a potion of brilliance.
You feel clever all of a sudden.
The orc warrior hits you with a hand axe.
* * * LOW HITPOINT WARNING * * *
You fade into invisibility!
The orc warrior barely misses you.
You are very lightly contaminated with residual magic.
Are you sure you want to shaft yourself?
You are feeling hungry.
You feel a little less agile now.
You begin to dig a shaft.
You continue digging a shaft.
The orc warrior hits you with a hand axe!
You die...

#......
####.#####......
#.......##......
#.......##......
#.......##......
#.......########
#.......#.......
###............##.
#@o........###....
######.###.#?#.##.
#....)###.##.
#####........
##....##. #.......
########


You could see an orc warrior.

Vanquished Creatures
  2 orc wizards (D:3)
  Robin (D:3)
  2 adders
  A gnoll (D:1)
  An adder skeleton (D:3)
  2 worms
  3 leopard geckos
  An orc (D:3)
  9 bats
  5 giant cockroaches
  10 hobgoblins
  3 jackals (D:3)
  10 kobolds
  A ball python (D:2)
  8 frilled lizards
  15 goblins
  6 rats
80 creatures vanquished.

Notes
Turn   | Place    | Note
-------+----------+-------------------------------------------
     0 | Abyss:1  | Gargoyl the Formicid Abyssal Knight began the quest for the Orb.
     0 | Abyss:1  | Reached XP level 1. HP: 18/18 MP: 2/2
     2 | Abyss:1  | Noticed a crimson imp
    46 | Abyss:2  | Found a sacrificial altar of Ru.
    46 | Abyss:2  | Found a corrupted altar of Lugonu.
    47 | Abyss:2  | Found a corrupted altar of Lugonu.
    66 | Abyss:2  | Noticed a large abomination
    96 | Abyss:3  | Found a corrupted altar of Lugonu.
   120 | Abyss:3  | Noticed an ophan
   123 | Abyss:3  | Noticed a thrashing horror
   124 | Abyss:3  | Noticed a hell hound
   124 | D:1      | Escaped the Abyss
   153 | D:1      | Reached skill level 1 in Dodging
   192 | D:1      | Reached XP level 2. HP: 20/24 MP: 3/3
   267 | D:1      | Reached * piety under Lugonu
   482 | D:1      | Reached XP level 3. HP: 11/30 MP: 4/4
   483 | D:1      | Reached skill level 4 in Fighting
  1079 | D:2      | Found a deep blue altar of Sif Muna.
  1218 | D:2      | Reached XP level 4. HP: 37/37 MP: 5/5
  1954 | D:3      | Noticed Robin
  1976 | D:3      | Killed Robin
  1979 | D:3      | Reached ** piety under Lugonu
  1985 | D:3      | Reached XP level 5. HP: 38/42 MP: 7/7
  2402 | D:3      | Noticed an orc warrior
  2448 | D:3      | Reached XP level 6. HP: 22/48 MP: 8/8
  2458 | D:3      | HP: 1/48 [orc warrior/hand axe (4)]
  2461 | D:3      | Mangled by an orc warrior

Skill      XL: |  1  2  3  4  5 |
---------------+----------------+-----
Dodging        | 1 |  1.1
Fighting       | 4 |  4.2
Long Blades    | 3 |  3.7
Armour         | 3 |  3.5
Invocations    | 3 |  3.2

Action                   |  1- 3 |  4- 6 || total
-------------------------+-------+-------++-------
Melee: Falchion          |    84 |   143 ||   227
Invok: Depart the Abyss  |     1 |       ||     1
       Bend Space        |       |     1 ||     1
 Abil: Dig               |       |     1 ||     1
       Shaft Self        |       |     1 ||     1
  Use: Scroll            |     6 |     3 ||     9
       Potion            |     1 |     7 ||     8
  Eat: Chunk             |     1 |     4 ||     5
Armor: Leather armour    |     5 |       ||     5
       Chain mail        |    48 |   101 ||   149
       Skin              |       |    31 ||    31
Dodge: Dodged            |    46 |    65 ||   111
       Rpst.: Falchion   |    11 |    21 ||    32
